 Dungeon Crawl Stone Soup version 0.19-a0-49-gb8736b8 (webtiles) character file.

422 M4edhros the Ruffian (level 6, -5/59 HPs)
             Began as a Troll Monk on May 6, 2016.
             Shot with an arrow by a centaur (15 damage)
             ... on level 7 of the Dungeon.
             The game lasted 00:04:36 (828 turns).

M4edhros the Ruffian (Troll Monk)                    Turns: 828, Time: 00:04:37

Health: -5/59      AC:  1    Str: 20    XL:     6   Next: 63%
Magic:  5/5        EV:  9    Int:  6    God:
Gold:   107        SH:  9    Dex: 14    Spells: 0 memorised, 5 levels left

rFire  . . .     SeeInvis .       - Unarmed
rCold  . . .     Gourm    +     a - +0 robe
rNeg   . . .     Faith    .     i - +0 shield
rPois  .         Spirit   .     (helmet restricted)
rElec  .         Dismiss  .     (no cloak)
rCorr  .         Reflect  .     (gloves unavailable)
SustAt .         Harm     +     (boots unavailable)
MR     .....                    g - amulet of harm
Stlth  ++........               (no ring)
                                (no ring)

@: corroded, not resistant to hostile enchantments, unstealthy
A: unfitting armour, claws 3, fast metabolism 3, gourmand, regeneration 2,
shaggy fur 1, tough skin 2
a: no special abilities


You were on level 7 of the Dungeon.
You were very full.

You visited 1 branch of the dungeon, and saw 7 of its levels.

You collected 107 gold pieces.

Inventory:

Hand Weapons
 k - the +3 scimitar of Extremism {slice, rElec SInv}
   (You found it on level 5 of the Dungeon)

   It inflicts extra damage upon your enemies.
   It insulates you from electricity.
   It lets you see invisible.
Missiles
 f - 5 javelins (quivered)
Armour
 a - a +0 robe (worn)
 i - a +0 shield (worn)
Jewellery
 g - an amulet of harm (around neck)
Scrolls
 l - a scroll of amnesia
 n - a scroll of enchant armour
Comestibles
 b - 4 bread rations
 m - a meat ration


   Skills:
 - Level 2.4 Fighting
 - Level 2.4 Dodging
 - Level 1.1 Stealth
 + Level 3.5 Shields
 + Level 6.6 Unarmed Combat


You had 5 spell levels left.
You didn't know any spells.

Dungeon Overview and Level Annotations

Branches:
Dungeon (7/15)
 Temple: D:4-7

Altars:
Pakellas
Yredelemnul


Innate Abilities, Weirdness & Mutations

You are too large for most types of armour.
You have claws for hands.
Your metabolism is lightning-fast.
You like to eat raw meat.
You heal very quickly.
You are covered in fur (AC +1).
You have very tough skin (AC +2).


Message History

Found a shiny scale mail and a ring mail.
The centaur shouts!
The centaur shoots an arrow.
The arrow hits you!
You see here an arrow.
Read which item? (? for menu, Esc to quit)
As you read the scroll labeled RYUKAE OBLYHU, it crumbles to dust.
The creatures around you are filled with an inner flame!
It was a scroll of immolation.
The centaur shoots an arrow.
The arrow hits you.
* * * LOW HITPOINT WARNING * * *
The centaur wields an uncursed shortbow.
The centaur shoots an arrow.
The arrow hits you.
* * * LOW HITPOINT WARNING * * *
The centaur shoots an arrow.
You block the arrow.
You aren't carrying any items that you can evoke.
Drink which item? (? for menu, Esc to quit)
You feel better.
The centaur shoots an arrow.
The arrow hits you!
* * * LOW HITPOINT WARNING * * *
Unknown command.
The centaur shoots an arrow.
The arrow hits you!
You die...

##......##
##........##
#..........# #
#.........[#
..#..........####
#..............[.
#...............
#.....@..(..._..
####.....(....c...
..........O.......
..............#...
..............# #
........c....###..
####...<..........
####.............
#...............#


You could see an ogre (inner flame) and 2 centaurs.

Vanquished Creatures
  An ogre (D:6)
  A giant frog (D:5)
  A scorpion (D:4)
  2 howler monkeys (D:6)
  A centaur zombie (D:6)
  A hound (D:6)
  A worker ant (D:5)
  A worker ant zombie (D:5)
  2 adders
  A giant gecko (D:1)
  6 orcs
  2 hobgoblins
  7 jackals
  A quokka (D:6)
  3 bats (D:2)
  A giant newt (D:6)
  3 kobolds
  A quokka skeleton (D:5)
  2 rats
38 creatures vanquished.

Notes
Turn   | Place    | Note
--------------------------------------------------------------
     0 | D:1      | M4edhros the Troll Monk began the quest for the Orb.
     0 | D:1      | Reached XP level 1. HP: 22/22 MP: 0/0
   103 | D:2      | Reached XP level 2. HP: 26/29 MP: 1/1
   223 | D:4      | Noticed a scorpion
   232 | D:4      | Killed a scorpion
   232 | D:4      | Reached skill level 1 in Shields
   232 | D:4      | Reached skill level 5 in Unarmed Combat
   232 | D:4      | Reached XP level 3. HP: 29/36 MP: 2/2
   232 | D:4      | Reached XP level 4. HP: 35/44 MP: 3/3
   289 | D:5      | Entered Level 5 of the Dungeon
   391 | D:5      | Noticed a giant frog
   414 | D:5      | Killed a giant frog
   414 | D:5      | Reached XP level 5. HP: 18/50 MP: 4/4
   430 | D:5      | Got an iridescent scimitar
   431 | D:5      | Identified the cursed +3 scimitar of Extremism {slice, rElec SInv} (You found it on level 5 of the Dungeon)
   513 | D:6      | Noticed an ogre
   517 | D:6      | Killed an ogre
   517 | D:6      | Reached skill level 6 in Unarmed Combat
   517 | D:6      | Reached XP level 6. HP: 23/59 MP: 5/5
   532 | D:6      | Found an oddly glowing altar of Pakellas.
   546 | D:7      | Found a basalt altar of Yredelemnul.
   828 | D:7      | Shot with an arrow by a centaur

Vault maps used:
D:1:      erik_arrival_triangle_medium, minmay_door_square
D:3:      minmay_misc_feat_iff
D:4:      corexii_checkpoint_a
D:5:      first_bread, cheibrodos_ashenzari_chains
D:6:      lemuel_doored_altar, uniq_crazy_yiuf_cottage
D:7:      minmay_temple_entry_glass, serial_shops, shop_statue,
          nicolae_shop_window_shopping, basic_altar, grunt_ogre_cave

Skill      XL: |  1  2  3  4  5 |
---------------+----------------+-----
Shields        | 1 2 3 |  3.5
Unarmed Combat | 5 6 |  6.6
Fighting       | |  2.4
Dodging        | |  2.4
Stealth        | |  1.1

Action                   |  1- 3 |  4- 6 || total
-------------------------+-------+-------++-------
Melee: Unarmed           |    45 |    73 ||   118
  Use: Scroll            |       |     9 ||     9
       Potion            |       |     2 ||     2
 Stab: Sleeping          |     1 |     1 ||     2
  Eat: Chunk             |       |    11 ||    11
Armor: Robe              |    41 |    23 ||    64
Dodge: Dodged            |    34 |    26 ||    60
Block: Shield            |     5 |    35 ||    40
